 Dungeon Crawl Stone Soup version 0.26-a0-84-g8c18429211 (webtiles) character file.

Game seed: 13938019917074952020

192368 RaHiT the Blocker (level 18, -8/165 HPs)
             Began as a Naga Venom Mage on June 14, 2020.
             Was a High Priest of Cheibriados.
             Mangled by a snapping turtle (14 damage)
             ... on level 1 of the Shoals on June 17, 2020.
             The game lasted 05:49:53 (29231 turns).

RaHiT the Blocker (Naga Venom Mage)                Turns: 29231, Time: 05:49:54

Health: -8/165     AC: 34    Str: 22    XL:     18   Next: 68%
Magic:  27/43      EV:  0    Int: 43    God:    Cheibriados [*****.]
Gold:   2857       SH:  0    Dex: 20    Spells: 4/41 levels left

rFire    + + .     SeeInvis +   a - +10 long sword of Renno {flame, +Blink +Inv Str+2 Dex-5}
rCold    . . .     Gourm    .   T - +18 shield of the Gong {rElec rN+ MR+ EV-5}
rNeg     + . .     Faith    .   M - +11 chain mail of the Spider Nest {rElec MR+++ Str-4}
rPois    +         Spirit   .   P - +3 crown of Dyrovepreva {rElec Int+2 SInv}
rElec    +         Reflect  .   W - +1 cloak {rF+}
rCorr    .         Harm     .   t - +2 pair of gloves of Hiroru {rF+}
MR       +++++                  (no barding)
Stlth    ..........             e - amulet of regeneration
HPRegen  0.77/turn              J - ring "Koadidet" {Wiz Int+5}
MPRegen  0.28/turn              H - ring of magical power

@: held, slowed, studying Air Magic, very slow
A: large, see invisible, deformed body, poison resistance, slowness 2, slow
metabolism 1, spit poison 1, constrict 1, AC +6
a: Spit Poison, Bend Time, Temporal Distortion, Slouch, Step From Time, Renounce
Religion, Evoke Blink, Evoke Invisibility


You were on level 1 of the Shoals.
You worshipped Cheibriados.
Cheibriados was extremely pleased with you.
You were hungry.

You visited 6 branches of the dungeon, and saw 28 of its levels.
You also visited: Sewer, Gauntlet and Volcano.

You collected 3913 gold pieces.
You spent 1056 gold pieces at shops.

Inventory:

Hand Weapons
 a - the +10 long sword of Renno (weapon) {flame, +Blink +Inv Str+2 Dex-5}
   (You bought it in a shop on level 2 of the Orcish Mines)

   It has been specially enchanted to burn those struck by it, causing extra
   injury to most foes and up to half again as much damage against particularly
   susceptible opponents.
   Big, fiery blades are also staple armaments of hydra-hunters.
   It affects your strength (+2).
   It affects your dexterity (-5).
   It lets you turn invisible.
   It lets you blink.
 b - a +5 hand crossbow of flaming
 O - a +2 demon blade of electrocution
Missiles
 s - 106 bolts
 X - 11 curare-tipped darts (quivered)
Armour
 t - the +2 pair of gloves of Hiroru (worn) {rF+}
   (You found it on level 15 of the Dungeon)

   It protects you from fire.
 M - the +11 chain mail of the Spider Nest (worn) {rElec MR+++ Str-4}
   (You bought it in a shop on level 2 of the Orcish Mines)

   It affects your strength (-4).
   It insulates you from electricity.
   It affects your resistance to hostile enchantments.
 P - the +3 crown of Dyrovepreva (worn) {rElec Int+2 SInv}
   (You found it on level 3 of the Elven Halls)

   It affects your intelligence (+2).
   It insulates you from electricity.
   It lets you see invisible.
 T - the +18 shield of the Gong (worn) {rElec rN+ MR+ EV-5}
   (You took it off a deep elf sorcerer on level 3 of the Elven Halls)

   It affects your evasion (-5).
   It insulates you from electricity.
   It protects you from negative energy.
   It affects your resistance to hostile enchantments.
 W - a +1 cloak of fire resistance (worn)
Magical Staves
 I - an uncursed staff of energy
Jewellery
 e - an amulet of regeneration (around neck)
 B - an uncursed ring of flight
 H - a ring of magical power (right hand)
 J - the ring "Koadidet" (left hand) {Wiz Int+5}
   (You found it in a Gauntlet)

   [ring of wizardry]

   It improves your spell success rate.
   It affects your intelligence (+5).
 Y - the ring "Xoroipp" {rPois rCorr}
   (You found it in a Gauntlet)

   [ring of resist corrosion]

   It protects you from poison.
   It provides partial protection from all sources of acid and corrosion.
Wands
 f - a wand of polymorph (31)
 y - a wand of acid (7)
 z - a wand of digging (5)
 A - a wand of paralysis (25)
 K - a wand of disintegration (24)
 Q - a wand of enslavement (24)
 S - a wand of clouds (3)
 U - a wand of iceblast (14)
Scrolls
 g - 5 scrolls of fog
 h - 6 scrolls of identify
 i - 14 scrolls of remove curse
 j - 5 scrolls of amnesia
 n - 7 scrolls of teleportation
 o - 2 scrolls of blinking
 p - 8 scrolls of fear
 x - 11 scrolls of immolation
 E - 3 scrolls of enchant armour
 F - a scroll of vulnerability
 L - 2 scrolls of summoning
 N - a scroll of brand weapon
Potions
 k - 3 potions of might
 m - 5 potions of lignification
 q - 3 potions of magic
 r - 2 potions of curing
 u - 5 potions of brilliance
 v - 8 potions of flight
 C - a potion of resistance
 R - a potion of stabbing
 V - a potion of ambrosia
 Z - 5 potions of mutation
Books
 l - a manual of Air Magic
Miscellaneous
 d - a tin of tremorstones (3/3)
 D - 2 phantom mirrors
 G - a phial of floods
Comestibles
 c - 43 rations


   Skills:
 - Level 11.1 Fighting
 - Level 5.0 Crossbows
 - Level 11.0 Armour
 - Level 2.0 Dodging
 - Level 3.0 Stealth
 + Level 14.3 Shields
 - Level 12.0 Spellcasting
 - Level 12.0 Conjurations
 - Level 1.0 Transmutations
 - Level 11.0 Air Magic
 - Level 6.0 Earth Magic
 - Level 10.0 Poison Magic
 - Level 9.0 Invocations
 + Level 2.4 Evocations


You had 4 spell levels left.
You knew the following spells:

 Your Spells              Type           Power        Failure   Level  Hunger
a - Sting                 Tmut/Pois      ####         1%          1    None
b - Petrify               Tmut/Erth      ######..     6%          4    None
c - Olgreb's Toxic Radia  Pois           #######.     1%          4    None
d - Mephitic Cloud        Conj/Pois/Air  #######.     1%          3    None
e - Ignite Poison         Fire/Tmut/Pois ######..     1%          3    None
f - Animate Skeleton      Necr           N/A          2%          1    None
g - Airstrike             Air            #######...   1%          4    None
h - Ozocubu's Armour      Chrm/Ice       ####....     9%          3    None
i - Conjure Ball Lightni  Conj/Air       #######...   3%          6    ##.....
j - Summon Lightning Spi  Summ/Air       ######..     2%          4    None
k - Inner Flame           Hex/Fire       ####....     9%          3    None
o - Apportation           Tloc           ####..       2%          1    None

Your spell library contained the following spells:

 Spells                   Type           Power        Failure   Level  Hunger
 Beastly Appendage        Tmut           ####..       1%          1    None
 Foxfire                  Conj/Fire      ####         1%          1    None
 Magic Dart               Conj           ####         1%          1    None
 Sandblast                Erth           ######       1%          1    None
 Shock                    Conj/Air       ####         1%          1    None
 Passwall                 Tmut/Erth      ######..     1%          2    None
 Poisonous Vapours        Pois/Air       ######       1%          2    None
 Searing Ray              Conj           ######       1%          2    None
 Swiftness                Chrm/Air       ######..     1%          2    None
 Conjure Flame            Conj/Fire      ######..     1%          3    None
 Dazzling Flash           Conj/Hex       ######       1%          3    None
 Spider Form              Tmut/Pois      ######....   1%          3    None
 Static Discharge         Conj/Air       #######.     1%          3    None
 Stone Arrow              Conj/Erth      ######       1%          3    None
 Corona                   Hex            ####...      2%          1    None
 Freeze                   Ice            ####         2%          1    None
 Summon Butterflies       Summ           ####....     2%          1    None
 Summon Small Mammal      Summ           ####         2%          1    None
 Sticks to Snakes         Tmut           ####....     2%          2    None
 Fulminant Prism          Conj/Hex       ######....   2%          4    None
 Hailstorm                Conj/Ice       ######..     2%          4    None
 Sticky Flame             Conj/Fire      ######..     2%          4    None
 Call Imp                 Summ           ####....     4%          2    None
 Slow                     Hex            ####....     4%          2    None
 Sublimation of Blood     Necr           ####......   4%          2    None
 Leda's Liquefaction      Hex/Erth       ######....   8%          4    None
 Call Canine Familiar     Summ           ####....     9%          3    None
 Confusing Touch          Hex            ####....     9%          3    None
 Frozen Ramparts          Ice            ####..       9%          3    None
 Gell's Gravitas          Tloc           ####......   9%          3    None
 Portal Projectile        Hex/Tloc       ####..       9%          3    None
 Recall                   Summ/Tloc      N/A          9%          3    None
 Summon Guardian Golem    Hex/Summ       ####....     9%          3    None
 Ice Form                 Ice/Tmut       ####....     21%         4    None
 Cause Fear               Hex            ####......   26%         4    None
 Summon Ice Beast         Ice/Summ       ####....     26%         4    None
 Lightning Bolt           Conj/Air       #######...   1%          5    None
 Irradiate                Conj/Tmut      ######....   5%          5    None
 Fireball                 Conj/Fire      ######....   6%          5    None
 Iskenderun's Battlesphe  Conj/Chrm      ######..     6%          5    None
 Lee's Rapid Deconstruct  Erth           ######....   6%          5    None
 Alistair's Intoxication  Tmut/Pois      ######..     8%          5    None
 Silence                  Hex/Air        ######....   8%          5    None
 Freezing Cloud           Conj/Ice/Air   #######...   17%         6    ##.....
 Eringya's Noxious Bog    Tmut/Pois      ######....   38%         6    ##.....
 Blade Hands              Tmut           ####......   43%         5    None
 Yara's Violent Unravell  Hex/Tmut       ####......   50%         5    None
 Aura of Abjuration       Summ           ####......   56%         5    None
 Metabolic Englaciation   Hex/Ice        ####......   56%         5    None
 Darkness                 Hex            ####......   98%         6    ##.....
 Dispersal                Tloc           ####......   98%         6    ##.....
 Ozocubu's Refrigeration  Ice            ####......   98%         6    ##.....
 Simulacrum               Ice/Necr       ####......   98%         6    ##.....
 Controlled Blink         Tloc           N/A          100%        8    ######.
 Disjunction              Tloc           ####......   100%        8    ######.
 Tornado                  Air            #######...   100%        9    #######


Dungeon Overview and Level Annotations

Branches:
Dungeon (15/15)            Temple (1/1) D:6            Lair (6/6) D:8
 Shoals (1/4) Lair:2        Snake (0/4) Lair:3        Slime (0/5) Lair:6
    Orc (2/2) D:12            Elf (3/3) Orc:2        Vaults (0/5) D:13
 Depths (0/5) D:15          Sewer (visited)         Volcano (visited)
Gauntlet (visited)

Altars:
Ashenzari
Cheibriados
Dithmenos
Elyvilon
Fedhas
Gozag
Hepliaklqana
Kikubaaqudgha
Makhleb
Nemelex Xobeh
Okawaru
Qazlal
Ru
Sif Muna
Trog
Uskayaw
Vehumet
Wu Jian
Xom
Yredelemnul
Zin
The Shining One
Jiyva

Shops:
D:5 *   D:8 *   D:11 !?   D:15 !   Orc:1 :   Orc:2 [[?=(*?   Elf:2 [


Innate Abilities, Weirdness & Mutations

You cannot wear boots.
Your serpentine skin is tough. (AC +6)
You have supernaturally acute eyesight. (SInv)
Armour fits poorly on your strangely shaped body.
Your system is resistant to poisons. (rPois)
You cover ground very slowly.
You have a slow metabolism.
You can spit poison.
You can use your snake-like lower body to constrict enemies.


Message History

Casting: Summon Lightning Spire (mildly dangerous; 2% risk of failure)
Confirm with . or Enter, or press ? or * to list all spells.
Aiming: Mephitic Cloud (safe; 1% risk of failure)
Press: ? - help, Shift-Dir - straight line, f/p - snapping turtle
Aim: a snapping turtle (severely wounded)
The ball explodes into a vile cloud!
The stinking cloud engulfs the snapping turtle but does no damage.
The snapping turtle is severely wounded.
You hear a shout!
The snapping turtle is engulfed in noxious fumes.
The snapping turtle appears confused.
The snapping turtle is engulfed in noxious fumes.
The snapping turtle appears confused.
The snapping turtle bites you!
* * * LOW HITPOINT WARNING * * *
Unknown command.
Unknown command.
You struggle against the net.
The snapping turtle is engulfed in noxious fumes.
The snapping turtle bites you!
You die...

.≈≈≈≈≈ .≈≈≈≈>
..≈≈≈. .≈≈≈..
#...≈. ≈≈≈≈.#
##....###≈≈≈..#
#.......≈≈≈≈≈.#
......≈)≈≈≈##
#.8.§§§≈≈.#
#.@t§§≈(.P
#.≈☼§§≈≈(≈
#()≈)≈≈≈≈P
##.≈≈≈≈≈≈≈
#.≈≈≈≈≈≈P
#.≈≈≈≈≈≈≈
≈≈≈≈≈≈P≈≈
≈≈≈≈≈PP≈.


You could see a snapping turtle (confused) and a friendly lightning spire
(summoned).

Vanquished Creatures
  Saint Roka (Elf:2)
  Rupert (D:13)
  2 deep elf blademasters (Elf:3)
  Asterion (Elf:2)
  2 deep elf master archers (Elf:3)
  Gastronok (D:11)
  Kirke (D:13)
  An orc warlord (Orc:2)
  10 deep elf sorcerers
  3 deep elf elementalists (Elf:3)
  A stone giant (Orc:2)
  7 deep elf demonologists (Elf:3)
  The ghost of Essalna the Fighter, a journeyman GrIE of Vehumet (Lair:6)
  Nessos (D:12)
  7 deep elf annihilators (Elf:3)
  A dire elephant (Lair:6)
  A minotaur (Gauntlet)
  An ettin (D:11)
  Snorg (D:13)
  7 deep elf death magi
  2 deep elf high priests (Elf:3)
  4 hydras
  5 vault guards (D:13)
  The ghost of Diofeng the Destroyer, a journeyman DrCj of Vehumet (D:12)
  Harold (D:11)
  2 centaur warriors
  A merfolk aquamancer (Lair:2)
  21 dancing weapons
  An ogre mage (D:13)
  A death knight (D:14)
  4 tengu warriors
  A vampire mage (D:15)
  2 two-headed ogres
  6 orc high priests (Orc:2)
  Sonja (Lair:4)
  17 deep elf knights
  A soul eater (Gauntlet)
  A sea snake (Shoals:1)
  A large abomination (Elf:3)
  2 unseen horrors
  2 skeletal warriors (Volcano)
  A glowing orange brain (shapeshifter) (Elf:3)
  A glowing orange brain (Gauntlet)
  2 harpies (Lair:6)
  9 deep elf archers
  A phantasmal warrior (D:14)
  A necromancer (D:15)
  An orc knight (D:15)
  54 deep elf magi
  3 oklob plants (Lair:2)
  5 orc sorcerers
  A frost giant zombie (D:15)
  17 ugly things
  4 manticores
  A cyclops (D:13)
  4 elephants
  A merfolk siren (Lair:2)
  3 black mambas
  Maurice (D:10)
  Joseph (D:8)
  A water nymph (Shoals:1)
  A centaur skeleton (D:10)
  4 gargoyles
  5 kobold demonologists (D:15)
  2 minotaur zombies (Gauntlet)
  A freezing wraith (D:14)
  9 spiny frogs
  4 rime drakes
  A small abomination (Elf:3)
  10 komodo dragons
  8 trolls
  A queen bee (Gauntlet)
  A polar bear (Lair:5)
  A tengu conjurer (D:15)
  3 hornets
  A meliai (shapeshifter) (Elf:2)
  6 meliai
  13 blink frogs
  2 merfolk (Shoals:1)
  8 hippogriffs
  A harpy skeleton (Volcano)
  2 snapping turtles (Shoals:1)
  An ice dragon zombie (D:15)
  2 flying skulls (Volcano)
  8 water elementals
  An air elemental (Elf:1)
  A shadow (D:15)
  5 wyverns
  An alligator skeleton (Volcano)
  2 vampires
  26 yaks
  6 wraiths
  A fire elemental (Elf:3)
  A golden eye (shapeshifter) (D:11)
  3 hogs (D:13)
  3 hungry ghosts
  8 basilisks
  A steam dragon (D:11)
  6 vampire mosquitoes (D:14)
  3 wargs
  An acid dragon (D:15)
  The ghost of Oki the Vexing, an amateur KoAM of Okawaru (D:3)
  12 water moccasins
  8 porcupines
  5 ice beasts
  25 orc warriors
  A black bear (Lair:2)
  4 sky beasts
  An eye of draining (shapeshifter) (D:11)
  8 ogres
  4 wolves (Lair:4)
  19 centaurs
  7 crocodiles
  6 big kobolds
  Blork the orc (D:3)
  16 bullfrogs
  An earth elemental (Elf:2)
  A gnoll sergeant (Orc:1)
  2 scorpions (D:5)
  14 killer bees
  2 troll skeletons (Volcano)
  3 wights (D:13)
  5 electric eels
  2 howler monkeys
  8 crimson imps
  4 bullfrog zombies
  2 centaur zombies
  6 jellies
  9 orc priests
  4 bullfrog skeletons
  7 hounds
  13 orc wizards
  2 iguanas
  Terence (D:2)
  8 worker ants
  A killer bee zombie (D:9)
  A hound skeleton (D:3)
  2 worker ant zombies
  7 gnolls
  10 adders
  4 shadow imps (Gauntlet)
  2 oozes
  An adder zombie (D:7)
  An adder skeleton (D:9)
  3 worms
  6 leopard geckos
  61 orcs
  15 bats
  5 giant cockroaches
  8 goblins
  2 hobgoblins
  6 quokkas
  2 ball pythons (Sewer)
  7 frilled lizards
  29 kobolds
  A leopard gecko skeleton (D:4)
  10 rats
  A butterfly (Lair:1)
  A crawling corpse (Elf:3)
  2 fungi
  4 plants
  A withered plant (D:15)
809 creatures vanquished.

Vanquished Creatures (collateral kills)
  A deep elf sorcerer (Elf:1)
  2 deep elf annihilators
  A fire dragon (D:12)
  A deep elf high priest (Elf:3)
  A two-headed ogre (D:11)
  A merfolk avatar (Lair:6)
  A merfolk aquamancer (Shoals:1)
  A centaur warrior (D:14)
  4 dancing weapons (Elf:2)
  A deep elf knight (Elf:2)
  6 ball lightnings
  2 skeletal warriors (D:15)
  A sea snake (Lair:6)
  5 deep elf magi
  An orc sorcerer (Orc:2)
  A manticore (Lair:6)
  A cyclops (D:15)
  An elephant (Lair:6)
  A fire giant skeleton (D:15)
  4 spiny frogs
  2 rime drakes (Lair:6)
  4 komodo dragons
  A merfolk (Shoals:1)
  2 polar bears (Lair:6)
  2 trolls
  2 hippogriffs
  5 dream sheep (Lair:6)
  An air elemental (Elf:3)
  3 water elementals
  2 wyverns
  5 yaks (Lair:3)
  A basilisk (Lair:4)
  A hungry ghost (D:13)
  A water moccasin (Lair:6)
  5 orc warriors
  A porcupine (Lair:3)
  A human skeleton (D:15)
  A necrophage (D:13)
  An ogre (D:9)
  A wolf (Lair:2)
  3 crocodiles
  3 bullfrogs
  An electric eel (D:15)
  3 crimson imps
  2 centaur skeletons
  A bullfrog skeleton (D:11)
  4 orc wizards
  An adder (shapeshifter) (D:13)
  A leopard gecko (D:9)
  5 orcs
  2 bats (Lair:3)
  A bush (Lair:3)
  A butterfly (Lair:1)
  5 fungi
  2 plants
114 creatures vanquished.

Vanquished Creatures (others)
  52 ball lightnings
  A flying skull (Volcano)
  A centaur (D:5)
  A jelly (D:13)
  An orc wizard (D:10)
  A naga skeleton (Volcano)
  A howler monkey skeleton (D:5)
  13 fungi
  20 plants
  18 withered plants
109 creatures vanquished.

Grand Total: 1032 creatures vanquished

Notes
Turn   | Place    | Note
-------+----------+-------------------------------------------
     0 | D:1      | RaHiT the Naga Venom Mage began the quest for the Orb.
     0 | D:1      | Reached XP level 1. HP: 15/15 MP: 3/3
   427 | D:1      | Reached XP level 2. HP: 3/22 MP: 0/5
   880 | D:1      | Reached skill level 5 in Poison Magic
  1004 | D:1      | Reached XP level 3. HP: 28/28 MP: 6/6
  1435 | D:2      | Noticed Terence
  1445 | D:2      | Killed Terence
  1445 | D:2      | Reached XP level 4. HP: 21/36 MP: 0/7
  1734 | D:2      | Learned a level 4 spell: Olgreb's Toxic Radiance
  2228 | D:3      | Found a glowing drain.
  2239 | Sewer    | Entered a sewer
  2300 | Sewer    | Reached XP level 5. HP: 33/42 MP: 1/8
  2742 | D:3      | Learned a level 3 spell: Ignite Poison
  2784 | D:3      | Found a runed translucent gate.
  2784 | D:3      | Found a runed translucent gate.
  2784 | D:3      | Found a runed translucent gate.
  2784 | D:3      | Noticed Oki's ghost (amateur KoAM)
  2883 | D:3      | Noticed Blork the orc
  2901 | D:3      | Killed Blork the orc
  2914 | D:3      | Found a shimmering blue altar of Sif Muna.
  2928 | D:3      | Reached skill level 10 in Spellcasting
  2928 | D:3      | Reached XP level 6. HP: 49/49 MP: 8/19
  2933 | D:3      | Learned a level 3 spell: Mephitic Cloud
  3106 | D:3      | Found a white marble altar of Elyvilon.
  3772 | D:3      | Killed Oki's ghost
  3772 | D:3      | Reached XP level 7. HP: 15/55 MP: 14/21
  3772 | D:3      | HP: 2/55 [bullfrog zombie (6)]
  4542 | D:4      | Found a bloodstained altar of Trog.
  4776 | D:5      | Entered Level 5 of the Dungeon
  4890 | D:5      | Found Wogoaru's General Store.
  4917 | D:5      | Reached XP level 8. HP: 59/62 MP: 9/23
  5041 | D:5      | Reached skill level 10 in Poison Magic
  5189 | D:5      | Reached skill level 1 in Shields
  5322 | D:5      | Learned a level 1 spell: Apportation
  5324 | D:5      | Learned a level 1 spell: Animate Skeleton
  5756 | D:5      | Reached skill level 2 in Shields
  5983 | D:6      | Found a staircase to the Ecumenical Temple.
  5988 | Temple   | Entered the Ecumenical Temple
  6163 | Temple   | Became a worshipper of Cheibriados the Contemplative
  6186 | D:6      | Reached skill level 1 in Invocations
  6859 | D:6      | Reached * piety under Cheibriados
  6955 | D:6      | Identified the Compendium of Destructive Malediction
  7032 | D:6      | Reached XP level 9. HP: 68/68 MP: 17/24
  7131 | D:7      | Noticed a white ugly thing
  7312 | D:7      | Reached skill level 5 in Invocations
  7355 | D:7      | Reached ** piety under Cheibriados
  7378 | D:7      | Killed a white ugly thing
  7626 | D:8      | Found Teicayv's Assorted Antiques.
  7781 | D:8      | Noticed Joseph
  7789 | D:8      | Killed Joseph
  7789 | D:8      | Reached XP level 10. HP: 35/75 MP: 10/25
  8040 | D:8      | Found a staircase to the Lair.
  8510 | D:8      | Found an ornate altar of the Wu Jian Council.
  8718 | D:9      | Noticed a two-headed ogre
  8724 | D:9      | Killed a two-headed ogre
  8724 | D:9      | Reached skill level 3 in Shields
  8967 | D:9      | Reached *** piety under Cheibriados
  9003 | D:9      | Reached skill level 4 in Shields
  9186 | D:9      | Found a white marble altar of Elyvilon.
  9387 | D:9      | Reached skill level 5 in Shields
  9736 | D:10     | Entered Level 10 of the Dungeon
 10146 | D:10     | Reached XP level 11. HP: 77/81 MP: 26/26
 10212 | D:10     | Reached **** piety under Cheibriados
 10230 | D:10     | Reached skill level 6 in Shields
 10332 | D:10     | Noticed Maurice
 10338 | D:10     | Killed Maurice
 11108 | D:11     | Reached skill level 7 in Shields
 11109 | D:11     | Found a sparkling altar of Nemelex Xobeh.
 11160 | D:11     | Found Tuecames's Magic Scroll Boutique.
 11168 | D:11     | Bought a scroll of identify for 30 gold pieces
 11168 | D:11     | Bought a scroll of identify for 30 gold pieces
 11185 | D:11     | Reached ***** piety under Cheibriados
 11273 | D:11     | Noticed a two-headed ogre
 11282 | D:11     | Noticed an ettin
 11298 | D:11     | Killed an ettin
 11298 | D:11     | Reached skill level 8 in Shields
 11335 | D:11     | Killed a two-headed ogre
 11402 | D:11     | Got a colourful robe
 11420 | D:11     | Identified the +0 robe of the Stars {Int+3 Dex+4} (You
                  | found it on level 11 of the Dungeon)
 11503 | D:11     | Noticed a manticore
 11507 | D:11     | Killed a manticore
 11645 | D:11     | Reached skill level 9 in Shields
 11805 | D:11     | Reached skill level 1 in Fighting
 11855 | D:11     | Noticed Gastronok
 11871 | D:11     | Killed Gastronok
 11871 | D:11     | Reached XP level 12. HP: 99/99 MP: 14/27
 11938 | D:11     | Noticed a tengu warrior
 11946 | D:11     | Killed a tengu warrior
 12034 | D:11     | Noticed Harold
 12065 | D:11     | Killed Harold
 12065 | D:11     | Reached skill level 5 in Fighting
 12225 | D:11     | Found Ihompan's Distillery.
 12507 | D:11     | Upgraded the game from 0.26-a0-70-g31f1466007 to
                  | 0.26-a0-75-ga645b5fb18
 12512 | D:11     | Learned a level 4 spell: Petrify
 12609 | D:11     | Reached skill level 1 in Earth Magic
 13003 | D:12     | Learned a level 3 spell: Conjure Flame
 13134 | D:12     | Noticed Nessos
 13142 | D:12     | Killed Nessos
 13168 | D:12     | Found a runed translucent door.
 13169 | D:12     | Noticed a fire dragon
 13169 | D:12     | Noticed Diofeng's ghost (journeyman DrCj)
 13200 | D:12     | Reached ****** piety under Cheibriados
 13476 | Lair:1   | Entered Level 1 of the Lair of Beasts
 13690 | Lair:1   | Noticed an eight-headed hydra
 13698 | Lair:1   | Killed an eight-headed hydra
 14149 | Lair:2   | Gained mutation: You can use your snake-like lower body to
                  | constrict enemies. [Naga growth]
 14149 | Lair:2   | Reached XP level 13. HP: 123/123 MP: 28/28
 14150 | Lair:2   | Reached skill level 10 in Fighting
 14204 | Lair:2   | Reached skill level 1 in Conjurations
 14281 | Lair:2   | Found a staircase to the Shoals.
 14395 | Lair:2   | Reached skill level 1 in Armour
 14523 | Lair:2   | Reached skill level 5 in Earth Magic
 14544 | Lair:2   | Got a faintly glowing hand axe
 14545 | Lair:2   | Identified the +7 hand axe "Wite" {venom, Str+4} (You found
                  | it on level 2 of the Lair of Beasts)
 14658 | Lair:2   | Found the +2 hat of the Bear Spirit {Spirit, +Rage rN+
                  | MR++}
 15222 | Lair:3   | Learned a level 5 spell: Fireball
 15269 | Lair:3   | Found a staircase to the Snake Pit.
 15760 | Lair:4   | Reached skill level 5 in Conjurations
 15802 | Lair:4   | Found a dark tunnel.
 15810 | Volcano  | Entered a volcano
 15837 | Volcano  | Learned a level 3 spell: Ozocubu's Armour
 16791 | Lair:4   | Reached XP level 14. HP: 113/132 MP: 29/29
 16949 | Lair:4   | Noticed Sonja
 16954 | Lair:4   | Killed Sonja
 17171 | Lair:5   | Found a gate leading to a gauntlet.
 17180 | Gauntlet | Entered a Gauntlet
 17180 | Gauntlet | Found a large runed translucent door.
 17180 | Gauntlet | Found a large runed translucent door.
 17180 | Gauntlet | Found a large runed translucent door.
 17180 | Gauntlet | Found a large runed translucent door.
 17180 | Gauntlet | Found a large runed translucent door.
 17180 | Gauntlet | Found a large runed translucent door.
 17180 | Gauntlet | Found a runed translucent door.
 17180 | Gauntlet | Found a transporter.
 17180 | Gauntlet | Found a transporter.
 17180 | Gauntlet | Found a runed translucent door.
 17180 | Gauntlet | Found a large runed translucent door.
 17180 | Gauntlet | Found a large runed translucent door.
 17180 | Gauntlet | Found a large runed translucent door.
 17180 | Gauntlet | Found a large runed translucent door.
 17180 | Gauntlet | Found a large runed translucent door.
 17180 | Gauntlet | Found a large runed translucent door.
 17191 | Gauntlet | Found a transporter.
 17201 | Gauntlet | Found a transporter.
 17218 | Gauntlet | Found a transporter.
 17232 | Gauntlet | Found a transporter.
 17251 | Gauntlet | Found a transporter.
 17328 | Gauntlet | Found a transporter.
 17338 | Gauntlet | Found a transporter.
 17348 | Gauntlet | Found a transporter.
 17373 | Gauntlet | Found a transporter.
 17382 | Gauntlet | Found a transporter.
 17399 | Gauntlet | Found a transporter.
 17403 | Gauntlet | Found a large runed translucent door.
 17404 | Gauntlet | Found a large runed translucent door.
 17406 | Gauntlet | Found a runed translucent gate.
 17410 | Gauntlet | Found a runed translucent gate.
 17410 | Gauntlet | Found a transporter.
 17411 | Gauntlet | Found a runed translucent gate.
 17427 | Gauntlet | Found a large runed translucent door.
 17428 | Gauntlet | Found a large runed translucent door.
 17454 | Gauntlet | Found a transporter.
 17474 | Gauntlet | Found a transporter.
 17601 | Gauntlet | Got a smoking iron ring
 17603 | Gauntlet | Identified the ring "Koadidet" {Wiz Int+5} (You found it in
                  | a Gauntlet)
 17611 | Gauntlet | Learned a level 6 spell: Conjure Ball Lightning
 17657 | Gauntlet | Reached skill level 1 in Air Magic
 17722 | Gauntlet | Got a twitching wooden ring
 17831 | Gauntlet | Identified the ring "Xoroipp" {rPois rCorr} (You found it
                  | in a Gauntlet)
 18672 | Lair:6   | Entered Level 6 of the Lair of Beasts
 18723 | Lair:6   | Reached skill level 5 in Air Magic
 18832 | Lair:6   | Found a staircase to the Slime Pits.
 18833 | Lair:6   | Found a viscous altar of Jiyva.
 18912 | Lair:6   | Noticed a dire elephant
 18920 | Lair:6   | Killed a dire elephant
 19001 | Lair:6   | Found a runed translucent door.
 19003 | Lair:6   | Noticed Essalna's ghost (journeyman GrIE)
 19039 | Lair:6   | Killed Essalna's ghost
 19112 | Lair:6   | Learned a level 4 spell: Summon Lightning Spire
 19157 | Lair:6   | Reached skill level 10 in Air Magic
 19742 | Lair:6   | Upgraded the game from 0.26-a0-75-ga645b5fb18 to
                  | 0.26-a0-83-g7ccd015ce0
 19935 | D:13     | Noticed Snorg
 19939 | D:13     | Noticed Kirke
 19941 | D:13     | Killed Snorg
 19941 | D:13     | Reached skill level 1 in Crossbows
 19941 | D:13     | Reached skill level 5 in Armour
 19946 | D:13     | Killed Kirke
 20141 | D:13     | Reached XP level 15. HP: 138/138 MP: 30/30
 20191 | D:13     | Got a faintly glowing chain mail
 20199 | D:13     | Found a gate to the Vaults.
 20257 | D:13     | Identified the cursed +0 chain mail of Dramatic Exits
                  | {Str+2} (You found it on level 13 of the Dungeon)
 20341 | D:13     | Noticed Rupert
 20355 | D:13     | Killed Rupert
 21518 | D:14     | Reached skill level 10 in Conjurations
 21771 | D:15     | Entered Level 15 of the Dungeon
 21937 | D:15     | Got a pair of crude gloves
 21952 | D:15     | Reached skill level 5 in Crossbows
 21978 | D:15     | Identified the +2 pair of gloves of Hiroru {rF+} (You found
                  | it on level 15 of the Dungeon)
 22288 | D:15     | Identified the +12 plate armour of Mysticism {MR+}
 22345 | D:15     | Found a staircase to the Depths.
 22845 | D:15     | Found Fossaer's Distillery.
 22853 | D:15     | Bought a potion of mutation for 96 gold pieces
 23116 | D:12     | Killed Diofeng's ghost
 23197 | D:12     | Found a staircase to the Orcish Mines.
 23207 | Orc:1    | Entered Level 1 of the Orcish Mines
 23207 | Orc:1    | Found Jeymmust's Book Shop.
 23360 | Orc:2    | Entered Level 2 of the Orcish Mines
 23360 | Orc:2    | Found Orylemn's Magic Scroll Emporium.
 23381 | Orc:2    | Found Jaqull's Jewellery Shop.
 23437 | Orc:2    | Reached XP level 16. HP: 84/146 MP: 29/31
 23600 | Orc:2    | Found Geale's Antique Weapon Shoppe.
 23656 | Orc:2    | Found Zoshuemn's General Store.
 23673 | Orc:2    | Found Zaxeixe's Magic Scroll Shop.
 23741 | Orc:2    | Found Duclas's Antique Armour Emporium.
 23750 | Orc:2    | Bought a bloodstained chain mail for 190 gold pieces
 23766 | Orc:2    | Identified the +11 chain mail of the Spider Nest {rElec
                  | MR+++ Str-4} (You bought it in a shop on level 2 of the
                  | Orcish Mines)
 23775 | Orc:2    | Found Icukk's Antique Armour Shop.
 23783 | Orc:2    | Bought a polished leather armour for 266 gold pieces
 23783 | Orc:2    | Bought a pitted leather armour for 266 gold pieces
 23793 | Orc:2    | Identified the +1 leather armour of Wioh {rC+ Int+2} (You
                  | bought it in a shop on level 2 of the Orcish Mines)
 23803 | Orc:2    | Identified the +2 leather armour "Dutoqoh" {*Drain rF+ rN++
                  | Dex+4} (You bought it in a shop on level 2 of the Orcish
                  | Mines)
 23866 | Orc:2    | Found a staircase to the Elven Halls.
 24351 | Elf:1    | Entered Level 1 of the Elven Halls
 24375 | Elf:1    | Reached skill level 10 in Armour
 24662 | Elf:1    | Identified Neneotiz's Compendium of Creative Conjuration
 25106 | Elf:1    | You fall into a shaft and drop 1 floor!
 25123 | Elf:2    | Reached skill level 10 in Shields
 25440 | Elf:2    | Reached skill level 11 in Shields
 25459 | Elf:2    | Reached XP level 17. HP: 53/153 MP: 1/32
 25704 | Elf:2    | Found a runed translucent door.
 25704 | Elf:2    | Found a runed translucent door.
 26613 | Elf:2    | Noticed Saint Roka
 26633 | Elf:2    | Killed Saint Roka
 26667 | Elf:2    | Noticed Asterion
 26672 | Elf:2    | Killed Asterion
 26769 | Elf:2    | Found Qunaizuss's Armour Shoppe.
 27026 | Elf:3    | Entered Level 3 of the Elven Halls
 27061 | Elf:3    | Learned a level 3 spell: Inner Flame
 27085 | Elf:3    | Found the +3 crown of Dyrovepreva {rElec Int+2 SInv}
 27135 | Elf:3    | Learned a level 4 spell: Airstrike
 27519 | Elf:3    | Reached skill level 12 in Shields
 27681 | Elf:3    | Identified the cursed +2 war axe of Sulphur {flame, MR+}
 27683 | Elf:3    | Noticed a deep elf blademaster
 27685 | Elf:3    | Identified the cursed +2 dagger of Zidghinae {flame, MR+
                  | Str-4 Dex+4}
 27685 | Elf:3    | Identified the +1 buckler "Sicletti" {Str+3}
 27685 | Elf:3    | Identified the ring of Wisdom {rCorr Str+6}
 27689 | Elf:3    | Noticed a deep elf master archer
 27689 | Elf:3    | Killed a deep elf blademaster
 27693 | Elf:3    | Reached XP level 18. HP: 165/165 MP: 17/34
 27884 | Elf:3    | Killed a deep elf master archer
 27885 | Elf:3    | Noticed a Brimstone Fiend
 28094 | Elf:3    | Noticed a deep elf blademaster
 28105 | Elf:3    | Killed a deep elf blademaster
 28105 | Elf:3    | Reached skill level 13 in Shields
 28211 | Elf:3    | Noticed a deep elf master archer
 28222 | Elf:3    | Killed a deep elf master archer
 28233 | Elf:3    | Identified the cursed +3 spear "Konoth" {holy, *Slow rN++
                  | Dex+6}
 28243 | Elf:3    | Identified the +7 mace of Mourning {venom, rF++ Str+3
                  | Int-4}
 28266 | Elf:3    | Reached skill level 14 in Shields
 28444 | Elf:3    | Found the +9 heavy crossbow "Sniper" {vorpal, Acc+∞ SInv}
 28491 | Elf:3    | Identified the Collected Works on Supportive Augmentations
 28595 | Elf:3    | Upgraded the game from 0.26-a0-83-g7ccd015ce0 to
                  | 0.26-a0-84-g8c18429211
 28768 | Orc:2    | Bought a bloodstained long sword for 178 gold pieces
 28768 | Orc:2    | Identified the +10 long sword of Renno {flame, +Blink +Inv
                  | Str+2 Dex-5} (You bought it in a shop on level 2 of the
                  | Orcish Mines)
 29045 | Shoals:1 | Entered Level 1 of the Shoals
 29063 | Lair:2   | Reached skill level 1 in Evocations
 29230 | Shoals:1 | HP: 5/165 [snapping turtle (13)]
 29231 | Shoals:1 | Mangled by a snapping turtle

Illustrated notes

Levels and vault maps discovered:
D:1:      dpeg_arrival_shrine, layout_basic, serial_glass, glass_columns_c,
          glass_columns_b
D:2:      layout_basic, uniq_terence
D:3:      layout_basic, tgw_sif, gup_sewer_entry_bubbles,
          gammafunk_ghost_necromancy, elyvilon_altar_1
D:4:      layout_basic, marbit_many_paths
D:5:      layout_basic, serial_shops, shop, first_ration,
          hangedman_abyss_or_decor_stabs, grunt_ministairs_5,
          chequers_mini_garden, lemuel_flamethrower_2, uniq_blork_the_orc
D:6:      layout_loops_cross, temple_doors_ab, hangedman_glass_teeth,
          kennysheep_generic_room_3
D:7:      layout_cave_pools
D:8:      layout_loops_corners, kennysheep_mini_moat, david_lair_generic,
          serial_shops, nicolae_shop_overgrown_old_shop, uniq_joseph
D:9:      layout_basic, lemuel_round_altar
D:10:     layout_irregular_city, uniq_maurice
D:11:     wad_statue_garden, layout_basic, serial_shops, shop, shop_statue,
          grunt_tengu_nest, nemelex_xobeh_ov_fountains_minmay, uniq_gastronok,
          uniq_harold
D:12:     layout_long_grid, david_orc_4, ebering_ghost_inner_flame, uniq_nessos
D:13:     minmay_isolated_rectangles_in_corner, layout_cave_pools,
          grunt_vaults_entry_fortified, nrook_pool_corridor, uniq_kirke,
          uniq_snorg, uniq_rupert
D:14:     layout_roguey, kennysheep_another_room
D:15:     gammafunk_depths_entry_grave, layout_small_grid, serial_shops,
          nicolae_shop_behind_doors, minivault_14, nrook_campfire,
          minmay_misc_feat_diagonals
Temple:   regret_index_temple_mists
Lair:1:   layout_misc_corridors, chequers_serial_rivers_micro_a,
          lemuel_fruit_fields, lemuel_fruit_fields
Lair:2:   layout_regular_city, minmay_shoals_entry_lonely_mermaid,
          beast_lair_carwin_4, minmay_lair_oklob_chamber
Lair:3:   layout_regular_city, dummy_snake_entry, st_stairs_9, roderic_batcave,
          beast_lair_carwin_9, infiniplex_staircase_pool_2
Lair:4:   layout_gridlike, lightli_volcano_entry_magma_tube,
          kennysheep_basilisk_garden, infiniplex_staircase_pool,
          serial_bayou_shore_a, uniq_sonja
Lair:5:   layout_cave_pods, gauntlet_entry_generic, lemuel_fruit_tree
Lair:6:   gammafunk_lair_ancient_temple, layout_concentric_octagons,
          slime_altar_1, ebering_ghost_inner_flame
Shoals:1: layout_shoals, serial_shops, shop, uniq_josephine
Orc:1:    layout_caves, serial_shops, nicolae_shop_stone
Orc:2:    grunt_orc_gardens, layout_caves, grunt_orc_garden, grunt_orc_garden,
          grunt_orc_garden, grunt_orc_garden, serial_shops, shop,
          nicolae_shop_trees, nicolae_shop_crystal
Elf:1:    layout_gridlike, portal_desolation_entry_nicolae_slug,
          minmay_elf_sorcery, lemuel_flamethrower_3
Elf:2:    layout_gridlike, serial_shops, shop_fountains, lemuel_flamethrower_1,
          uniq_saint_roka, uniq_asterion
Elf:3:    elf_hall, layout_geoelf_grid, hangedman_elf_represent

Skill      XL: |  1  2  3  4  5  6  7  8  9 10 11 12 13 14 15 16 17 18 |
---------------+-------------------------------------------------------+-----
Dodging        | 2 |  2.0
Poison Magic   | 5 6 7 8 9 10 | 10.0
Spellcasting   | 10 11 12 | 12.0
Shields        | 2 5 9 11 12 14 | 14.3
Invocations    | 3 7 9 |  9.0
Fighting       | 4 9 10 11 | 11.1
Earth Magic    | 4 6 |  6.0
Conjurations   | 7 9 11 12 | 12.0
Armour         | 4 5 8 11 | 11.0
Air Magic      | 11 | 11.0
Crossbows      | 2 5 |  5.0
Evocations     | 2 |  2.4
Stealth        | |  3.0
Transmutations | |  1.0

Action                   |  1- 3 |  4- 6 |  7- 9 | 10-12 | 13-15 | 16-18 || total
-------------------------+-------+-------+-------+-------+-------+-------++-------
Melee: Unarmed           |    12 |    12 |     7 |       |       |       ||    31
       Flail             |       |       |    82 |   132 |       |       ||   214
       Hand axe          |       |       |       |       |    96 |   237 ||   333
       Constrict         |       |       |       |       |    27 |    59 ||    86
       Long sword        |       |       |       |       |       |    39 ||    39
 Fire: Hand crossbow     |       |       |       |    43 |   403 |   168 ||   614
Throw: Dart              |       |    27 |    45 |    23 |     4 |    14 ||   113
       Boomerang         |       |       |       |    56 |       |       ||    56
       Throwing net      |       |       |       |       |     1 |     1 ||     2
 Cast: Sting             |    27 |    55 |    38 |    12 |     1 |       ||   133
       Olgreb's Toxic Ra |       |     1 |    21 |    73 |    96 |    87 ||   278
       Mephitic Cloud    |       |     1 |    24 |    53 |    60 |    24 ||   162
       Ignite Poison     |       |     1 |    18 |    60 |    56 |    30 ||   165
       Animate Skeleton  |       |       |     2 |    47 |    95 |    49 ||   193
       Apportation       |       |       |     2 |    10 |    91 |    34 ||   137
       Petrify           |       |       |       |     5 |    31 |       ||    36
       Conjure Flame     |       |       |       |     4 |     7 |       ||    11
       Ozocubu's Armour  |       |       |       |       |     3 |       ||     3
       Fireball          |       |       |       |       |     1 |       ||     1
       Conjure Ball Ligh |       |       |       |       |    20 |     9 ||    29
       Summon Lightning  |       |       |       |       |    27 |    19 ||    46
       Airstrike         |       |       |       |       |       |     7 ||     7
Invok: Slouch            |       |       |       |     1 |    10 |     8 ||    19
 Abil: Spit Poison       |    20 |    27 |    29 |    20 |     1 |     1 ||    98
       Evoke Blink       |       |       |       |       |       |     1 ||     1
Evoke: Wand              |       |       |     1 |     2 |     3 |       ||     6
  Use: Scroll            |     4 |     1 |     5 |    12 |    15 |     7 ||    44
       Potion            |       |     8 |     1 |     5 |       |     7 ||    21
 Stab: Sleeping          |     1 |       |       |       |       |       ||     1
       Distracted        |       |       |     1 |     1 |     3 |     3 ||     8
       Paralysed         |       |       |       |     4 |       |       ||     4
       Petrified         |       |       |       |     3 |    14 |       ||    17
       Petrifying        |       |       |       |       |     1 |       ||     1
       Confused          |       |       |       |       |       |     5 ||     5
  Eat: Chunk             |     2 |     4 |     7 |    12 |     4 |    10 ||    39
       Ration            |       |     1 |     2 |     2 |     6 |     1 ||    12
Armor: Robe              |     5 |     7 |    50 |    71 |   104 |       ||   237
       Skin              |       |       |       |     9 |       |       ||     9
       Plate armour      |       |       |       |       |    37 |     8 ||    45
       Chain mail        |       |       |       |       |       |   227 ||   227
Dodge: Dodged            |    15 |    22 |    64 |   121 |   146 |    95 ||   463
Block: Kite shield       |       |       |       |    76 |   352 |   397 ||   825
       Rpst.: Long sword |       |       |       |       |       |     1 ||     1

Table legend:
 A = Non-vault XP
 B = Vault XP
 C = Vault XP percentage of total XP
 D = Non-vault monster count
 E = Vault monster count
 F = Vault count percentage of total count
                 A         B        C        D         E       F
            +---------+---------+-------+---------+---------+-------
      Total |  131412 |  161740 |  55.2 |     586 |     315 |  35.0
            +---------+---------+-------+---------+---------+-------
        D:1 |      35 |       0 |   0.0 |      23 |       0 |   0.0
        D:2 |      47 |      36 |  43.4 |      10 |       1 |   9.1
        D:3 |      27 |     355 |  92.9 |       9 |      11 |  55.0
        D:4 |     339 |       0 |   0.0 |      12 |       0 |   0.0
        D:5 |     468 |       0 |   0.0 |      20 |       0 |   0.0
        D:6 |     848 |      13 |   1.5 |      23 |       1 |   4.2
        D:7 |    1315 |       0 |   0.0 |      17 |       0 |   0.0
        D:8 |     569 |    1200 |  67.8 |       5 |       5 |  50.0
        D:9 |    3257 |       0 |   0.0 |      33 |       0 |   0.0
       D:10 |    2266 |     439 |  16.2 |      28 |       1 |   3.4
       D:11 |    2518 |    7337 |  74.4 |      24 |      17 |  41.5
       D:12 |    4252 |    3266 |  43.4 |      30 |      21 |  41.2
       D:13 |    2497 |   13662 |  84.5 |      19 |      16 |  45.7
       D:14 |    9335 |       0 |   0.0 |      37 |       0 |   0.0
       D:15 |   16201 |    3375 |  17.2 |      56 |       8 |  12.5
     Lair:1 |    3719 |       0 |   0.0 |      13 |       0 |   0.0
     Lair:2 |    5469 |    3523 |  39.2 |      21 |      13 |  38.2
     Lair:3 |    4032 |    2218 |  35.5 |      19 |      18 |  48.6
     Lair:4 |    8177 |    1365 |  14.3 |      35 |       4 |  10.3
     Lair:5 |    2231 |       0 |   0.0 |       9 |       0 |   0.0
     Lair:6 |    4102 |   10393 |  71.7 |      20 |      29 |  59.2
   Shoals:1 |    5001 |     434 |   8.0 |      14 |       2 |  12.5
      Orc:1 |    1190 |       0 |   0.0 |      15 |       0 |   0.0
      Orc:2 |    2509 |   10089 |  80.1 |      17 |      27 |  61.4
      Elf:1 |   20357 |    6085 |  23.0 |      31 |      10 |  24.4
      Elf:2 |   20959 |   30033 |  58.9 |      30 |      40 |  57.1
      Elf:3 |    9692 |   59374 |  86.0 |      16 |      46 |  74.2
      Sewer |       0 |      31 | 100.0 |       0 |      17 | 100.0
    Volcano |       0 |    3850 | 100.0 |       0 |      12 | 100.0
   Gauntlet |       0 |    4662 | 100.0 |       0 |      16 | 100.0
            +---------+---------+-------+---------+---------+-------
